 Dungeon Crawl Stone Soup version 0.21.1-1-g345015fe64 (webtiles) character file.

34279 Razbojnik the Eclecticist (level 13, -2/68 HPs)
             Began as a Deep Elf Conjurer on July 28, 2018.
             Was a High Priest of Vehumet.
             Slain by a komodo dragon (15 damage)
             ... on level 5 of the Lair of Beasts.
             The game lasted 02:11:06 (18254 turns).

Razbojnik the Eclecticist (Deep Elf Conjurer)      Turns: 18254, Time: 02:11:07

Health: -2/68      AC:  9    Str:  6    XL:     13   Next: 41%
Magic:  12/36      EV: 16    Int: 28    God:    Vehumet [*****.]
Gold:   979        SH:  0    Dex: 18    Spells: 5/46 levels left

rFire    + . .     SeeInvis .   a - +2 dagger (venom)
rCold    + . .     Gourm    .   (no shield)
rNeg     . . .     Faith    .   o - +2 robe {rC+ rF+}
rPois    .         Spirit   .   W - +0 helmet
rElec    .         Reflect  .   J - +1 cloak
rCorr    .         Harm     .   T - +1 pair of gloves {Dex+3}
MR       ++...                  (no boots)
Stlth    ++++......             Z - amulet of magic regeneration
HPRegen  0.21/turn              L - +3 ring of intelligence
MPRegen  0.50/turn              S - ring of protection from magic

@: no status effects
A: no striking features
a: Renounce Religion


You were on level 5 of the Lair of Beasts.
You worshipped Vehumet.
Vehumet was extremely pleased with you.
You were not hungry.

You visited 3 branches of the dungeon, and saw 17 of its levels.
You also visited: Labyrinth.

You collected 1091 gold pieces.
You spent 112 gold pieces at shops.

Inventory:

Hand Weapons
 a - a +2 dagger of venom (weapon)
 f - the +11 arbalest of Biaqim {venom, +Blink rPois Str-3 Stlth-, unknown}
   (You found it on level 4 of the Lair of Beasts)

   It poisons the ammo it fires.
   It affects your strength (-3).
   It protects you from poison.
   It lets you blink.
   It makes you less stealthy.
 i - a +2 hunting sling of velocity
 R - the +5 broad axe of Slime {holy, +Blink rPois Str+8 Stlth-}
   (You found it on level 4 of the Dungeon)

   It has been blessed by the Shining One to cause great damage to the undead
   and demons.
   It affects your strength (+8).
   It protects you from poison.
   It lets you blink.
   It makes you less stealthy.
Missiles
 F - 48 poisoned needles
Armour
 o - a +2 robe of resistance (worn)
 z - a +3 leather armour
 J - a +1 cloak (worn)
 M - a +1 robe of positive energy
 T - a +1 pair of gloves of dexterity (worn)
 W - a +0 helmet (worn)
Jewellery
 j - an uncursed ring of protection from cold
 k - an uncursed ring of positive energy
 L - a +3 ring of intelligence (left hand)
 S - a ring of protection from magic (right hand)
 Z - an amulet of magic regeneration (around neck)
Wands
 p - a wand of digging (17)
 N - a wand of clouds (6)
 U - a wand of disintegration (17)
 X - a wand of acid (25)
Scrolls
 g - a scroll of fear
 h - 8 scrolls of teleportation
 m - 6 scrolls of remove curse
 n - 6 scrolls of immolation
 t - 4 scrolls of amnesia
 x - a scroll of fog {unknown}
 y - 3 scrolls of magic mapping
 D - a scroll of blinking
 H - 2 scrolls of vulnerability {unknown}
 I - 3 scrolls of enchant armour
 Q - 3 scrolls of acquirement {unknown}
 Y - 2 scrolls of identify
Potions
 e - a potion of cancellation
 l - 2 potions of resistance
 s - 2 potions of mutation
 u - 6 potions of curing
 v - a potion of haste {unknown}
 w - 2 potions of magic {unknown}
 A - 2 potions of brilliance {unknown}
 C - 3 potions of berserk rage {unknown}
 G - 4 potions of lignification {unknown}
 V - a potion of heal wounds
Books
 b - a book of Conjurations

   Spells                             Type                      Level
   a - Magic Dart                     Conjuration                  1
   b - Searing Ray                    Conjuration                  2
   c - Dazzling Spray                 Conjuration/Hexes            3
   d - Fulminant Prism                Conjuration/Hexes            4
   e - Force Lance                    Conjuration/Translocation    4
   f - Iskenderun's Mystic Blast      Conjuration                  4
 d - a book of Unlife

   Spells                             Type                      Level
   a - Recall                         Summoning/Translocation      3
   b - Animate Dead                   Necromancy                   4
   c - Borgnjor's Vile Clutch         Necromancy/Earth             5
   d - Death Channel                  Necromancy                   6
   e - Simulacrum                     Ice/Necromancy               6
 r - a book of Cantrips

   Spells                             Type                      Level
   a - Confusing Touch                Hexes                        1
   b - Animate Skeleton               Necromancy                   1
   c - Summon Small Mammal            Summoning                    1
   d - Apportation                    Translocation                1
 B - the Handbook of Creative Arcane Weapons
   (You found it on level 8 of the Dungeon)

   Spells                             Type                      Level
   a - Summon Butterflies             Summoning                    1
   b - Throw Flame                    Conjuration/Fire             2
   c - Mephitic Cloud                 Conjuration/Poison/Air       3
   d - Recall                         Summoning/Translocation      3
   e - Sticky Flame                   Conjuration/Fire             4
   f - Summon Hydra                   Summoning                    7
 E - a book of Flames

   Spells                             Type                      Level
   a - Flame Tongue                   Conjuration/Fire             1
   b - Throw Flame                    Conjuration/Fire             2
   c - Conjure Flame                  Conjuration/Fire             3
   d - Inner Flame                    Hexes/Fire                   3
   e - Sticky Flame                   Conjuration/Fire             4
   f - Fireball                       Conjuration/Fire             5
 O - a Young Poisoner's Handbook

   Spells                             Type                      Level
   a - Sting                          Conjuration/Poison           1
   b - Poisonous Vapours              Poison/Air                   2
   c - Mephitic Cloud                 Conjuration/Poison/Air       3
   d - Olgreb's Toxic Radiance        Poison                       4
   e - Venom Bolt                     Conjuration/Poison           5
 P - a book of the Sky

   Spells                             Type                      Level
   a - Summon Lightning Spire         Summoning/Air                4
   b - Silence                        Hexes/Air                    5
   c - Deflect Missiles               Charms/Air                   6
   d - Conjure Ball Lightning         Conjuration/Air              6
   e - Tornado                        Air                          9
Miscellaneous
 K - a lamp of fire
Comestibles
 c - 31 rations
 q - 4 chunks of flesh


   Skills:
 - Level 3.1 Fighting
 - Level 1.0 Short Blades
 - Level 1.0 Armour
 - Level 6.0 Dodging
 - Level 7.0 Stealth
 + Level 17.0 Spellcasting
 - Level 13.7 Conjurations
 - Level 7.0 Hexes
 - Level 3.1 Charms
 - Level 3.0 Necromancy
 - Level 3.1 Transmutations
 - Level 6.0 Fire Magic
 - Level 4.0 Ice Magic
 - Level 4.0 Air Magic
 - Level 4.1 Poison Magic
 - Level 1.0 Evocations


You had 5 spell levels left.
You knew the following spells:

 Your Spells              Type           Power        Failure   Level  Hunger
a - Magic Dart            Conj           ####         0%          1    None
b - Searing Ray           Conj           ######       0%          2    None
c - Dazzling Spray        Conj/Hex       ######       1%          3    None
d - Fulminant Prism       Conj/Hex       ######....   1%          4    None
e - Iskenderun's Mystic   Conj           #######.     1%          4    None
f - Sting                 Conj/Pois      ####         1%          1    None
g - Fireball              Conj/Fire      ######....   1%          5    None
h - Olgreb's Toxic Radia  Pois           #####...     1%          4    None
i - Ignite Poison         Fire/Tmut/Pois #####...     1%          3    None
j - Venom Bolt            Conj/Pois      ######....   1%          5    None
k - Freezing Cloud        Conj/Ice/Air   ######....   4%          6    ###....
r - Regeneration          Chrm/Necr      #####.....   1%          3    None


Dungeon Overview and Level Annotations

Branches:
Dungeon (10/15)            Temple (1/1) D:7            Lair (6/6) D:10
  Swamp (0/4) Lair:4       Spider (0/4) Lair:4          Orc (0/2) D:9
  Slime: Lair:5-6

Altars:
Ashenzari
Cheibriados
Dithmenos
Elyvilon
Fedhas
Gozag
Hepliaklqana
Kikubaaqudgha
Makhleb
Nemelex Xobeh
Okawaru
Qazlal
Ru
Sif Muna
Trog
Uskayaw
Vehumet
Wu Jian
Xom
Yredelemnul
Zin
The Shining One
Beogh

Shops:
D:6 ?   D:8 [[?(


Message History

You climb upwards.
There is a stone staircase leading down here.
Unknown command.
You feel much better. The komodo dragon barely misses you.
Casting: Ignite Poison
Confirm with . or Enter, or press ? or * to list all spells.
You ignite the poison in your surroundings!
The komodo dragon seems to burn from within!
The komodo dragon is heavily wounded.
The komodo dragon bites you!
* * * LOW HITPOINT WARNING * * *
Okay, then.
Casting: Ignite Poison
Confirm with . or Enter, or press ? or * to list all spells.
Aiming: Fireball
Press: ? - help, Shift-Dir - straight line The fireball explodes!
The fireball engulfs the komodo dragon.
The komodo dragon is severely wounded.
The komodo dragon bites you!
You die...

..### ...# ..## ### ..#
#### ##.#### ..# #..###
#.###.####
..####.P#.#####.##....#
.........##..P........#
..........##...l......#
..........P#....@.....#
......................#
......................#
......................#
......................#
......................#
................รท.....#
.##...................#
.#...............#....#


You could see a komodo dragon.

Vanquished Creatures
  A minotaur (Lab)
  A centaur warrior (D:10)
  A two-headed ogre (D:8)
  Erica (D:10)
  The ghost of flt the Transmogrifier, a journeyman OpTm of Cheibriados (D:9)
  3 unseen horrors (D:8)
  Pikel (D:7)
  4 oklob plants (Lair:3)
  A cyclops (D:8)
  4 black mambas
  A centaur skeleton (D:9)
  A gargoyle (D:10)
  The ghost of letownia the Skirmisher, a novice DsAr (D:5)
  A torpor snail (Lair:5)
  5 spiny frogs
  7 komodo dragons
  Prince Ribbit (D:7)
  17 blink frogs
  12 hippogriffs
  2 redbacks (Lair:4)
  A human (D:7)
  3 hogs (D:7)
  2 basilisks
  38 yaks
  Menkaure (D:6)
  12 water moccasins
  8 porcupines
  A phantom (D:5)
  2 black bears
  2 sky beasts (D:7)
  7 orc warriors
  An ice beast (D:8)
  5 ogres
  12 wolves
  5 centaurs
  8 crocodiles
  A big kobold (D:9)
  15 bullfrogs
  Blork the orc (D:6)
  4 scorpions
  5 howler monkeys (D:8)
  8 electric eels
  5 crimson imps
  A bullfrog zombie (D:5)
  A quasit (D:9)
  5 hounds
  A jelly (D:6)
  8 orc priests
  Crazy Yiuf (D:7)
  3 bullfrog skeletons
  4 iguanas
  12 orc wizards
  8 worker ants
  A killer bee zombie (D:8)
  A hound zombie (D:5)
  A hound skeleton (D:10)
  A howler monkey zombie (D:10)
  2 worker ant zombies
  3 gnolls (D:5)
  11 adders
  A howler monkey skeleton (D:7)
  4 shadow imps
  An ooze (D:1)
  An adder zombie (D:8)
  An adder skeleton (D:4)
  A worm (D:6)
  3 dart slugs
  5 leopard geckos
  52 orcs
  3 giant cockroaches
  4 goblins
  6 hobgoblins
  8 jackals
  3 quokkas
  2 ball pythons
  7 bats
  7 frilled lizards
  6 kobolds
  A leopard gecko zombie (D:8)
  A quokka skeleton (D:5)
  6 rats
  2 fungi
  5 plants (Lair:3)
407 creatures vanquished.

Vanquished Creatures (others)
  A centaur (D:7)
  A worm (D:7)
  75 fulminant prisms
  8 fungi
  5 plants
90 creatures vanquished.

Grand Total: 497 creatures vanquished

Notes
Turn   | Place    | Note
-------+----------+-------------------------------------------
     0 | D:1      | Razbojnik the Deep Elf Conjurer began the quest for the Orb.
     0 | D:1      | Reached XP level 1. HP: 10/10 MP: 6/6
   290 | D:1      | Reached XP level 2. HP: 15/15 MP: 0/8
   294 | D:1      | Learned a level 2 spell: Searing Ray
   913 | D:1      | Reached skill level 4 in Spellcasting
  1213 | D:2      | Reached skill level 5 in Conjurations
  1213 | D:2      | Reached XP level 3. HP: 14/19 MP: 6/10
  1222 | D:2      | Learned a level 3 spell: Dazzling Spray
  1883 | D:2      | Found a deep blue altar of Sif Muna.
  2159 | D:3      | Reached skill level 1 in Hexes
  2231 | D:3      | Found a basalt altar of Yredelemnul.
  2238 | D:3      | Found a bloodstained altar of Trog.
  2355 | D:3      | Reached XP level 4. HP: 24/24 MP: 8/12
  2361 | D:3      | Learned a level 4 spell: Fulminant Prism
  3058 | D:4      | Noticed an ogre
  3225 | D:4      | Got a translucent broad axe
  3243 | D:4      | Reached XP level 5. HP: 23/28 MP: 8/13
  3298 | D:4      | Reached skill level 5 in Hexes
  3564 | D:4      | Killed an ogre
  3564 | D:4      | Reached XP level 6. HP: 32/32 MP: 5/14
  3840 | D:4      | Identified the +5 broad axe of Slime {holy, +Blink rPois Str+8 Stlth-} (You found it on level 4 of the Dungeon)
  3863 | D:5      | Entered Level 5 of the Dungeon
  3965 | D:5      | Found an ornate altar of the Wu Jian Council.
  4126 | D:5      | Reached skill level 5 in Spellcasting
  4279 | D:5      | Found a sacrificial altar of Ru.
  4596 | D:5      | Reached skill level 6 in Spellcasting
  4618 | D:5      | Reached XP level 7. HP: 34/36 MP: 5/18
  4802 | D:5      | Noticed letownia's ghost (novice DsAr)
  4868 | D:5      | Killed letownia's ghost
  4868 | D:5      | Reached skill level 7 in Spellcasting
  4891 | D:5      | Reached skill level 5 in Stealth
  5196 | D:5      | Found a runed door.
  5211 | D:5      | Reached XP level 8. HP: 41/41 MP: 14/21
  5606 | D:6      | Learned a level 4 spell: Iskenderun's Mystic Blast
  5625 | D:6      | Reached skill level 8 in Spellcasting
  5797 | D:6      | Reached skill level 1 in Short Blades
  6034 | D:6      | Noticed Menkaure
  6038 | D:6      | Killed Menkaure
  6038 | D:6      | Reached skill level 1 in Fighting
  6052 | D:6      | Noticed Blork the orc
  6090 | D:6      | Killed Blork the orc
  6134 | D:6      | Reached skill level 1 in Evocations
  6205 | D:6      | Found Odweic's Magic Scroll Shoppe.
  6213 | D:6      | Bought a scroll of blinking for 112 gold pieces
  6492 | D:7      | Reached skill level 1 in Armour
  6492 | D:7      | Reached skill level 9 in Spellcasting
  6707 | D:7      | Noticed Prince Ribbit
  6711 | D:7      | Killed Prince Ribbit
  6925 | D:7      | Found a staircase to the Ecumenical Temple.
  6949 | Temple   | Entered the Ecumenical Temple
  7099 | Temple   | Became a worshipper of Vehumet
  7186 | D:7      | Reached XP level 9. HP: 23/47 MP: 17/24
  7327 | D:7      | Noticed Pikel
  7333 | D:7      | Killed Pikel
  7333 | D:7      | Reached skill level 10 in Spellcasting
  7835 | D:7      | Found a snail-covered altar of Cheibriados.
  8161 | D:7      | Found a runed door.
  8165 | D:7      | Noticed Crazy Yiuf
  8169 | D:7      | Killed Crazy Yiuf
  8169 | D:7      | Reached skill level 11 in Spellcasting
  8347 | D:5      | Reached * piety under Vehumet
  8347 | D:5      | Offered knowledge of Sting by Vehumet.
  8371 | D:4      | Learned a level 1 spell: Sting
  8574 | D:5      | Found a roughly hewn altar of Beogh.
  8673 | D:8      | Found Axilinte's Weapon Shoppe.
  8712 | D:8      | Reached XP level 10. HP: 45/56 MP: 10/27
  8778 | D:8      | Noticed a two-headed ogre
  8782 | D:8      | Reached skill level 1 in Poison Magic
  8785 | D:8      | Killed a two-headed ogre
  8936 | D:8      | Noticed a cyclops
  9113 | D:8      | Reached skill level 5 in Dodging
  9135 | D:8      | Killed a cyclops
  9135 | D:8      | Reached skill level 12 in Spellcasting
  9251 | D:8      | Reached ** piety under Vehumet
  9251 | D:8      | Offered knowledge of Flame Tongue by Vehumet.
  9621 | D:8      | Found Vaumnis's Antique Armour Shop.
  9627 | D:8      | Found Wushaugi's Armour Shoppe.
  9653 | D:8      | Killed an unseen horror
  9653 | D:8      | Reached skill level 10 in Conjurations
  9944 | D:8      | HP: 2/56 [something (1)]
  9945 | D:8      | Killed an unseen horror
 10038 | D:8      | Identified the Handbook of Creative Arcane Weapons
 10352 | D:8      | Killed an unseen horror
 10445 | D:8      | Found Cosuvam's Magic Scroll Shop.
 10649 | D:9      | Noticed flt's ghost (journeyman OpTm)
 10649 | D:9      | Reached XP level 11. HP: 51/60 MP: 12/29
 10718 | D:9      | Killed flt's ghost
 10718 | D:9      | Reached skill level 13 in Spellcasting
 11114 | D:9      | Found a hazy altar of Hepliaklqana.
 11114 | D:9      | Found an opulent altar of Gozag.
 11157 | D:9      | Offered knowledge of Inner Flame by Vehumet.
 11197 | D:9      | Found a shattered altar of Ashenzari.
 11408 | D:9      | Learned a level 3 spell: Regeneration
 11424 | D:9      | Found a staircase to the Orcish Mines.
 11434 | D:9      | Found a roughly hewn altar of Beogh.
 11437 | D:9      | Reached *** piety under Vehumet
 11438 | D:9      | Offered knowledge of Ignite Poison by Vehumet.
 11440 | D:9      | Reached skill level 1 in Necromancy
 11449 | D:9      | Reached skill level 1 in Charms
 11528 | D:9      | Learned a level 4 spell: Olgreb's Toxic Radiance
 11532 | D:9      | Learned a level 3 spell: Ignite Poison
 11538 | D:9      | Learned a level 5 spell: Venom Bolt
 11607 | D:10     | Entered Level 10 of the Dungeon
 11706 | D:10     | Reached skill level 1 in Fire Magic
 11736 | D:10     | Reached skill level 1 in Transmutations
 11858 | D:10     | Reached **** piety under Vehumet
 12092 | D:10     | Noticed a centaur warrior
 12106 | D:10     | Killed a centaur warrior
 12152 | D:10     | Offered knowledge of Fireball by Vehumet.
 12159 | D:10     | Learned a level 5 spell: Fireball
 12295 | D:10     | Found a staircase to the Lair.
 12548 | D:10     | Noticed Erica
 12568 | D:10     | Killed Erica
 12568 | D:10     | Reached skill level 5 in Fire Magic
 12914 | Lair:1   | Entered Level 1 of the Lair of Beasts
 12997 | Lair:1   | Reached XP level 12. HP: 64/64 MP: 18/31
 13006 | Lair:1   | Reached skill level 14 in Spellcasting
 13523 | Lair:1   | Reached skill level 15 in Spellcasting
 13947 | Lair:2   | Reached ***** piety under Vehumet
 14076 | Lair:2   | Offered knowledge of Freezing Cloud by Vehumet.
 14803 | Lair:3   | Found a labyrinth entrance.
 14827 | Lab      | Entered a labyrinth
 15629 | Lab      | Noticed a minotaur
 15637 | Lab      | Killed a minotaur
 16180 | Lair:3   | Found a bloodstained altar of Trog.
 16454 | Lair:3   | Reached skill level 16 in Spellcasting
 16469 | Lair:3   | Got a sparkling lapis lazuli ring
 16496 | Lair:3   | Identified the cursed ring "Poolasm" {+Blink EV-2 Dex+6} (You found it on level 3 of the Lair of Beasts)
 16662 | Lair:4   | Reached XP level 13. HP: 63/68 MP: 13/35
 16671 | Lair:4   | Learned a level 6 spell: Freezing Cloud
 16733 | Lair:4   | Reached skill level 1 in Ice Magic
 16736 | Lair:4   | Reached skill level 1 in Air Magic
 16830 | Lair:4   | Got a polished arbalest
 16896 | Lair:4   | Found a hole to the Spider Nest.
 17081 | Lair:4   | Found a staircase to the Swamp.
 17601 | Lair:5   | Offered knowledge of Irradiate by Vehumet.
 18237 | Lair:6   | Entered Level 6 of the Lair of Beasts
 18246 | Lair:6   | Reached skill level 17 in Spellcasting
 18250 | Lair:6   | HP: 2/68 [komodo dragon (20)]
 18254 | Lair:5   | Slain by a komodo dragon

Skill      XL: |  1  2  3  4  5  6  7  8  9 10 11 12 13 |
---------------+----------------------------------------+-----
Spellcasting   | 4 6 7 9 11 12 13 16 17 | 17.0
Conjurations   | 5 7 9 10 11 13 | 13.7
Hexes          | 2 4 6 7 |  7.0
Stealth        | 5 7 |  7.0
Dodging        | 3 4 6 |  6.0
Short Blades   | 1 |  1.0
Fighting       | 1 3 |  3.1
Evocations     | 1 |  1.0
Armour         | 1 |  1.0
Poison Magic   | 3 4 |  4.1
Necromancy     | 3 |  3.0
Charms         | 3 |  3.1
Fire Magic     | 6 |  6.0
Transmutations | 3 |  3.1
Ice Magic      | 4 |  4.0
Air Magic      | 4 |  4.0

Action                   |  1- 3 |  4- 6 |  7- 9 | 10-12 | 13-15 || total
-------------------------+-------+-------+-------+-------+-------++-------
Melee: Dagger            |       |       |    22 |    40 |       ||    62
 Cast: Magic Dart        |    68 |    46 |    57 |    66 |     2 ||   239
       Searing Ray       |     3 |    18 |    25 |    33 |     2 ||    81
       Fulminant Prism   |       |     6 |    29 |    33 |     7 ||    75
       Iskenderun's Myst |       |       |     5 |    17 |     4 ||    26
       Dazzling Spray    |       |       |     4 |    15 |       ||    19
       Sting             |       |       |     1 |    38 |     7 ||    46
       Ignite Poison     |       |       |       |    67 |    34 ||   101
       Olgreb's Toxic Ra |       |       |       |    41 |    16 ||    57
       Fireball          |       |       |       |     9 |    13 ||    22
       Regeneration      |       |       |       |     3 |     2 ||     5
       Venom Bolt        |       |       |       |    15 |    10 ||    25
       Freezing Cloud    |       |       |       |       |     1 ||     1
  Use: Scroll            |     1 |     1 |     7 |    15 |     2 ||    26
       Potion            |     1 |       |       |     1 |     2 ||     4
 Stab: Sleeping          |       |       |     1 |     5 |       ||     6
       Distracted        |       |       |       |     1 |       ||     1
       Invisible         |       |       |       |     1 |       ||     1
  Eat: Chunk             |     4 |     8 |    13 |    18 |     5 ||    48
       Ration            |       |       |       |     2 |       ||     2
Armor: Robe              |     3 |     3 |     4 |    13 |       ||    23
       Leather armour    |       |       |     4 |    51 |     2 ||    57
Dodge: Dodged            |    12 |     9 |    45 |   148 |     8 ||   222
